[ AOE2 MATCH · #463546375 ]
UnrankedDravidians vs Persians
[ REPLAY ANALYSIS · EXTRACTED FROM THE RECORDED GAME ]
Feudal
12:18
Castle
22:40
Imperial
46:49
| APM avg | 10.2 |
| APM peak | 26 |
| eAPM avg | 7.2 |
| Villagers / military | 112 / 157 |
Focus
⚔️ 35.2% · 🌾 64.8%
Urumi Swordsman ×40 · Skirmisher ×35 · Spearman ×20 · Elephant Archer ×15 · Fire Galley ×11 · Galley ×10
Feudal
11:38
Castle
22:45
Imperial
38:45
| APM avg | 12.8 |
| APM peak | 33 |
| eAPM avg | 8.3 |
| Villagers / military | 88 / 112 |
Focus
⚔️ 27.2% · 🌾 72.8%
Fishing Ship ×56 · Caravel ×37 · Fire Galley ×32 · Organ Gun ×21 · Cannon Galleon ×15 · Trebuchet (Packed) ×3
Feudal
13:58
Castle
21:53
Imperial
46:06
| APM avg | 20.8 |
| APM peak | 105 |
| eAPM avg | 7.7 |
| Villagers / military | 64 / 307 |
Focus
⚔️ 52.2% · 🌾 47.8%
Archer ×217 · Fire Galley ×27 · Galley ×26 · Fishing Ship ×16 · Bombard Cannon ×13 · War Elephant ×11
Feudal
—
Castle
—
Imperial
—
| APM avg | 5.1 |
| APM peak | 26 |
| eAPM avg | 3.3 |
| Villagers / military | 31 / 59 |
Focus
⚔️ 39.5% · 🌾 60.5%
Militia ×41 · Cavalry Archer ×11 · Archer ×4 · Knight ×3 · Trade Cart ×1
Feudal
—
Castle
—
Imperial
—
| APM avg | 8.0 |
| APM peak | 34 |
| eAPM avg | 6.6 |
| Villagers / military | 74 / 40 |
Focus
⚔️ 26.5% · 🌾 73.5%
Fire Galley ×25 · Fishing Ship ×11 · Trade Cog ×10 · Teutonic Knight ×4 · Knight ×3 · Spearman ×3
Feudal
12:52
Castle
20:03
Imperial
32:36
| APM avg | 5.3 |
| APM peak | 19 |
| eAPM avg | 3.8 |
| Villagers / military | 41 / 88 |
Focus
⚔️ 36.5% · 🌾 63.5%
Cataphract ×61 · Galley ×20 · Trade Cog ×14 · Unknown (2626) ×12 · Unknown (1795) ×9 · Transport Ship ×6
Match map
Initial resources + every placement click. Lines = walls · curves = elevation contours. ◆ gold · ⬟ stone · ● berries · ✦ relic · ◌ wall gap
Inputs per minute
— tavo_takano - - fco_0595
Build order — tavo_takano
First 150 of 296 actions detected
| 0:06 | Build | House |
| 0:13 | Create | Villager (Male) |
| 0:13 | Create | Villager (Male) |
| 0:26 | Build | House |
| 0:31 | Create | Villager (Male) |
| 0:32 | Create | Villager (Male) |
| 0:32 | Create | Villager (Male) |
| 2:00 | Create | Villager (Male) |
| 2:12 | Create | Villager (Male) |
| 2:58 | Create | Villager (Male) |
| 3:27 | Create | Villager (Male) |
| 3:28 | Create | Villager (Male) |
| 4:26 | Create | Villager (Male) |
| 4:30 | Build | House |
| 4:32 | Build | House |
| 5:31 | Create | Villager (Male) ×4 |
| 5:40 | Build | House |
| 6:19 | Build | Mill |
| 7:25 | Build | Farm |
| 7:32 | Build | Farm |
| 7:34 | Create | Villager (Male) ×4 |
| 7:50 | Build | Lumber Camp |
| 9:02 | Create | Villager (Male) |
| 9:09 | Build | Farm |
| 9:19 | Build | House |
| 9:20 | Build | House |
| 9:30 | Create | Villager (Male) |
| 10:08 | Research | Feudal Age |
| 10:52 | Build | Lumber Camp |
| 11:37 | Build | Mill |
| 11:51 | Create | Villager (Male) ×5 |
| 12:18 | Age | Feudal Age |
| 12:33 | Build | Mining Camp |
| 12:39 | Research | Horse Collar |
| 12:43 | Research | Double-Bit Axe |
| 13:12 | Create | Villager (Male) |
| 13:27 | Build | Blacksmith |
| 13:39 | Build | Dock |
| 15:00 | Create | Fishing Ship ×4 |
| 15:14 | Create | Villager (Male) ×5 |
| 15:33 | Build | Mining Camp |
| 16:15 | Research | Tech 906 |
| 17:07 | Build | Barracks |
| 17:19 | Create | Villager (Male) ×5 |
| 17:30 | Create | Demolition Raft |
| 17:44 | Create | Fishing Ship ×5 |
| 18:12 | Build | Archery Range |
| 18:28 | Build | House |
| 18:29 | Build | House |
| 18:31 | Build | House |
| 18:33 | Build | House |
| 18:44 | Create | Villager (Male) ×5 |
| 19:24 | Build | Farm |
| 19:25 | Build | Farm |
| 19:26 | Build | Farm |
| 19:36 | Build | Farm |
| 19:38 | Build | Farm |
| 19:40 | Build | Farm |
| 19:42 | Build | Farm |
| 19:44 | Build | Farm |
| 19:45 | Build | Farm |
| 20:00 | Research | Castle Age |
| 21:18 | Create | Trade Cog ×4 |
| 21:56 | Build | Dock |
| 22:00 | Build | Dock |
| 22:04 | Build | Dock |
| 22:34 | Create | Villager (Male) ×5 |
| 22:40 | Age | Castle Age |
| 22:49 | Build | Town Center |
| 22:59 | Research | Bow Saw |
| 23:04 | Research | Heavy Plow |
| 23:17 | Build | Town Center |
| 23:31 | Research | Gillnets |
| 23:43 | Build | House |
| 23:45 | Build | House |
| 23:46 | Build | House |
| 23:47 | Build | House |
| 23:51 | Build | House |
| 23:52 | Build | House |
| 24:04 | Build | House |
| 24:05 | Build | House |
| 24:06 | Build | House |
| 24:15 | Build | House |
| 24:16 | Build | House |
| 24:18 | Build | House |
| 24:30 | Create | Villager (Male) ×5 |
| 24:59 | Build | Town Center |
| 26:25 | Create | Unit 2626 |
| 26:37 | Create | Fire Galley |
| 26:51 | Research | Wheelbarrow |
| 27:01 | Create | Villager (Male) ×5 |
| 27:06 | Create | Villager (Male) ×5 |
| 27:09 | Create | Villager (Male) ×5 |
| 27:15 | Create | Villager (Male) ×5 |
| 27:30 | Research | War Galley (upgrade) |
| 28:33 | Build | University |
| 28:38 | Build | Farm |
| 28:39 | Build | Farm |
| 28:50 | Build | Farm |
| 28:50 | Build | Farm |
| 28:56 | Build | Farm |
| 28:57 | Build | Farm |
| 29:04 | Build | House |
| 29:05 | Build | House |
| 29:07 | Build | House |
| 29:41 | Build | Castle |
| 29:49 | Build | Dock |
| 29:52 | Build | Dock |
| 30:03 | Build | Watch Tower |
| 30:06 | Build | Watch Tower |
| 30:09 | Build | Watch Tower |
| 30:12 | Build | Watch Tower |
| 30:16 | Build | Watch Tower |
| 30:21 | Research | Hand Cart |
| 30:24 | Create | Villager (Male) ×5 |
| 30:32 | Build | Farm |
| 30:38 | Build | Farm |
| 30:57 | Build | Farm |
| 31:10 | Research | Ballistics |
| 31:14 | Research | Tech 909 |
| 31:15 | Research | Heated Shot |
| 31:27 | Research | Tech 908 |
| 31:39 | Build | Farm |
| 31:43 | Build | Farm |
| 32:00 | Create | Fire Galley ×5 |
| 32:11 | Create | Galley ×5 |
| 33:08 | Create | Unit 2626 ×5 |
| 33:23 | Create | Galley ×5 |
| 33:41 | Build | Farm |
| 33:42 | Build | Farm |
| 33:43 | Build | Farm |
| 33:45 | Build | Farm |
| 33:48 | Build | Farm |
| 33:51 | Build | Farm |
| 33:54 | Build | Farm |
| 34:05 | Research | Town Watch |
| 34:14 | Research | Medical Corps |
| 34:28 | Research | Elite Skirmisher (upgrade) |
| 34:30 | Create | Elephant Archer ×5 |
| 34:37 | Research | Pikeman (upgrade) |
| 34:38 | Research | Squires |
| 34:39 | Research | Arson |
| 34:39 | Create | Spearman ×5 |
| 34:52 | Build | Barracks |
| 34:55 | Build | Barracks |
| 34:57 | Build | Barracks |
| 35:28 | Create | Villager (Male) ×5 |
| 35:47 | Create | Transport Ship ×5 |
| 35:58 | Create | Spearman ×5 |
| 36:16 | Build | Archery Range |
Build order — fco_0595
First 150 of 319 actions detected
| 0:03 | Build | House |
| 0:06 | Build | House |
| 0:08 | Create | Villager (Male) |
| 0:08 | Create | Villager (Male) |
| 0:09 | Create | Villager (Male) |
| 0:09 | Create | Villager (Male) |
| 1:36 | Create | Villager (Male) |
| 2:05 | Create | Villager (Male) |
| 2:05 | Create | Villager (Male) |
| 2:09 | Build | Lumber Camp |
| 2:46 | Create | Villager (Male) |
| 3:06 | Create | Villager (Male) |
| 3:07 | Create | Villager (Male) |
| 3:07 | Create | Villager (Male) |
| 3:28 | Build | House |
| 3:48 | Create | Villager (Male) |
| 4:11 | Build | Mill |
| 4:15 | Create | Villager (Male) |
| 4:27 | Create | Villager (Male) |
| 5:14 | Create | Villager (Male) |
| 5:24 | Create | Villager (Male) |
| 5:46 | Create | Villager (Male) |
| 5:46 | Create | Villager (Male) |
| 6:32 | Build | House |
| 6:51 | Create | Villager (Male) |
| 7:06 | Build | House |
| 7:13 | Create | Villager (Male) |
| 7:34 | Build | Dock |
| 7:38 | Create | Villager (Male) |
| 7:53 | Create | Villager (Male) |
| 7:54 | Create | Villager (Male) |
| 8:18 | Create | Villager (Male) |
| 8:39 | Create | Fishing Ship |
| 8:40 | Create | Fishing Ship |
| 8:46 | Create | Fishing Ship |
| 9:18 | Research | Feudal Age |
| 9:55 | Create | Fishing Ship |
| 10:27 | Create | Villager (Male) |
| 10:28 | Create | Villager (Male) |
| 10:30 | Create | Villager (Male) |
| 10:40 | Build | House |
| 10:42 | Build | House |
| 10:44 | Build | House |
| 10:51 | Build | House |
| 11:06 | Create | Fishing Ship |
| 11:10 | Create | Fishing Ship |
| 11:27 | Build | Lumber Camp |
| 11:38 | Age | Feudal Age |
| 11:44 | Research | Double-Bit Axe |
| 11:56 | Build | Dock |
| 12:00 | Build | Lumber Camp |
| 12:13 | Create | Villager (Male) |
| 12:28 | Build | Mining Camp |
| 12:44 | Create | Fishing Ship |
| 12:46 | Create | Fishing Ship |
| 13:17 | Create | Villager (Male) |
| 13:23 | Create | Villager (Male) |
| 13:34 | Build | House |
| 13:41 | Create | Villager (Male) |
| 13:48 | Create | Fishing Ship |
| 13:54 | Create | Fishing Ship |
| 13:55 | Create | Fishing Ship |
| 14:15 | Build | Blacksmith |
| 14:21 | Create | Villager (Male) |
| 14:22 | Create | Villager (Male) |
| 14:36 | Build | House |
| 14:39 | Build | House |
| 14:44 | Build | House |
| 14:47 | Build | House |
| 14:50 | Build | House |
| 14:57 | Create | Fishing Ship |
| 15:00 | Create | Fishing Ship |
| 15:00 | Create | Fishing Ship |
| 15:23 | Build | Dock |
| 15:29 | Create | Villager (Male) |
| 15:34 | Research | Town Watch |
| 15:35 | Research | Wheelbarrow |
| 15:41 | Create | Fishing Ship |
| 15:42 | Create | Fishing Ship |
| 15:59 | Build | Farm |
| 16:00 | Build | Farm |
| 16:02 | Build | Farm |
| 16:03 | Build | Farm |
| 16:03 | Build | Farm |
| 16:10 | Create | Fishing Ship |
| 16:12 | Create | Fishing Ship |
| 16:22 | Create | Fishing Ship |
| 16:23 | Create | Fishing Ship |
| 16:40 | Build | Farm |
| 16:42 | Build | Farm |
| 16:45 | Build | Farm |
| 16:59 | Build | Barracks |
| 17:12 | Build | Barracks |
| 17:16 | Create | Villager (Male) |
| 17:17 | Create | Villager (Male) |
| 17:26 | Create | Fishing Ship |
| 17:29 | Create | Fishing Ship |
| 17:29 | Create | Fishing Ship |
| 17:32 | Create | Fishing Ship |
| 17:33 | Create | Fishing Ship |
| 17:57 | Build | Dock |
| 18:11 | Build | Stable |
| 18:21 | Build | Stable |
| 18:39 | Create | Villager (Male) |
| 18:43 | Create | Fishing Ship |
| 18:46 | Create | Fishing Ship |
| 18:49 | Create | Fishing Ship |
| 19:03 | Build | Mining Camp |
| 19:05 | Create | Villager (Male) |
| 19:10 | Create | Fishing Ship |
| 19:11 | Create | Fishing Ship |
| 19:15 | Create | Fishing Ship |
| 19:29 | Create | Fishing Ship |
| 19:47 | Create | Fire Galley |
| 19:47 | Create | Fire Galley |
| 19:52 | Create | Fishing Ship |
| 19:52 | Create | Fishing Ship |
| 19:56 | Create | Fishing Ship |
| 19:57 | Create | Fishing Ship |
| 20:02 | Create | Fishing Ship |
| 20:05 | Research | Castle Age |
| 20:29 | Build | Lumber Camp |
| 20:51 | Create | Transport Ship |
| 20:56 | Create | Fire Galley |
| 21:01 | Create | Fire Galley |
| 21:02 | Create | Fire Galley |
| 21:29 | Build | Dock |
| 21:32 | Build | Dock |
| 21:36 | Build | Dock |
| 21:39 | Build | Dock |
| 21:45 | Build | Dock |
| 21:48 | Build | Dock |
| 22:00 | Create | Fire Galley |
| 22:03 | Create | Fire Galley |
| 22:17 | Create | Fishing Ship |
| 22:18 | Create | Fishing Ship |
| 22:24 | Create | Fishing Ship |
| 22:24 | Create | Fishing Ship |
| 22:45 | Age | Castle Age |
| 23:08 | Create | Caravel |
| 23:29 | Research | Hand Cart |
| 23:50 | Build | Stable |
| 24:19 | Create | Villager (Male) ×5 |
| 24:22 | Build | Mining Camp |
| 24:24 | Research | Bow Saw |
| 25:06 | Create | Knight |
| 25:06 | Create | Knight |
| 26:09 | Create | Villager (Male) |
| 26:10 | Create | Villager (Male) |
| 26:11 | Create | Villager (Male) |
Build order — B L U E
First 150 of 366 actions detected
| 0:05 | Build | House |
| 0:17 | Create | Villager (Male) |
| 0:17 | Create | Villager (Male) |
| 0:17 | Create | Villager (Male) |
| 0:17 | Create | Villager (Male) |
| 0:18 | Create | Villager (Male) |
| 0:18 | Create | Villager (Male) |
| 0:53 | Build | House |
| 0:54 | Build | House |
| 0:56 | Build | House |
| 2:12 | Create | Villager (Male) |
| 2:13 | Create | Villager (Male) |
| 2:37 | Build | Dock |
| 2:59 | Create | Villager (Male) |
| 4:01 | Create | Villager (Male) |
| 4:02 | Create | Villager (Male) |
| 4:02 | Create | Villager (Male) |
| 4:02 | Create | Villager (Male) |
| 5:50 | Create | Fishing Ship |
| 5:51 | Create | Fishing Ship |
| 6:13 | Build | Mill |
| 7:31 | Build | Lumber Camp |
| 7:42 | Create | Villager (Male) |
| 7:42 | Create | Villager (Male) |
| 7:42 | Create | Villager (Male) |
| 7:43 | Create | Villager (Male) |
| 7:43 | Create | Villager (Male) |
| 7:43 | Create | Villager (Male) |
| 7:45 | Create | Villager (Male) |
| 7:45 | Create | Villager (Male) |
| 9:12 | Build | Mill |
| 10:21 | Build | House |
| 10:22 | Build | House |
| 10:23 | Build | House |
| 10:24 | Build | House |
| 11:15 | Create | Fishing Ship |
| 11:15 | Create | Fishing Ship |
| 11:16 | Create | Fishing Ship |
| 11:54 | Research | Feudal Age |
| 12:29 | Build | Mining Camp |
| 13:17 | Create | Fishing Ship |
| 13:18 | Create | Fishing Ship |
| 13:58 | Age | Feudal Age |
| 13:59 | Research | Double-Bit Axe |
| 14:09 | Research | Tech 906 |
| 15:03 | Research | Stone Mining |
| 15:28 | Build | Blacksmith |
| 16:47 | Build | Dock |
| 17:10 | Build | Barracks |
| 17:23 | Research | Wheelbarrow |
| 18:18 | Build | Stable |
| 19:19 | Create | Trade Cog |
| 19:28 | Research | Castle Age |
| 19:37 | Build | Farm |
| 19:49 | Research | Stone Mining |
| 20:13 | Create | Fishing Ship |
| 20:14 | Create | Fishing Ship |
| 20:14 | Create | Fishing Ship |
| 20:15 | Create | Fishing Ship |
| 20:29 | Build | Farm |
| 21:01 | Build | House |
| 21:03 | Build | House |
| 21:04 | Build | House |
| 21:05 | Build | House |
| 21:06 | Build | House |
| 21:07 | Build | House |
| 21:53 | Age | Castle Age |
| 22:41 | Build | Dock |
| 23:08 | Create | Villager (Male) |
| 23:08 | Create | Villager (Male) |
| 23:09 | Create | Villager (Male) |
| 23:09 | Create | Villager (Male) |
| 23:09 | Create | Villager (Male) |
| 23:10 | Create | Villager (Male) |
| 23:22 | Build | Town Center |
| 23:31 | Build | Town Center |
| 23:46 | Build | Dock |
| 24:06 | Create | Trade Cog |
| 24:06 | Create | Trade Cog |
| 24:06 | Create | Trade Cog |
| 24:27 | Research | Gillnets |
| 24:55 | Research | War Galley (upgrade) |
| 25:08 | Research | Tech 905 |
| 25:38 | Create | Fishing Ship |
| 25:39 | Create | Fishing Ship |
| 25:39 | Create | Fishing Ship |
| 25:39 | Create | Fishing Ship |
| 25:40 | Create | Fishing Ship |
| 25:50 | Create | Villager (Male) ×5 |
| 25:50 | Create | Villager (Male) ×5 |
| 25:51 | Create | Villager (Male) ×5 |
| 25:51 | Create | Villager (Male) ×5 |
| 25:59 | Build | Farm |
| 26:08 | Build | Farm |
| 26:17 | Create | Villager (Male) ×2 |
| 26:28 | Research | Bow Saw |
| 27:28 | Create | Galley |
| 27:31 | Create | Unit 2626 |
| 28:30 | Create | Galley |
| 28:30 | Create | Galley |
| 28:31 | Create | Galley |
| 28:52 | Create | Galley |
| 28:53 | Create | Galley |
| 29:02 | Create | Unit 2626 |
| 31:01 | Create | Fire Galley |
| 31:02 | Create | Fire Galley |
| 31:03 | Create | Fire Galley |
| 31:03 | Create | Fire Galley |
| 31:32 | Create | Villager (Male) |
| 31:32 | Create | Villager (Male) |
| 31:32 | Create | Villager (Male) |
| 31:32 | Create | Villager (Male) |
| 31:33 | Create | Villager (Male) |
| 31:43 | Research | Hand Cart |
| 31:44 | Create | Villager (Male) |
| 31:44 | Create | Villager (Male) |
| 31:44 | Create | Villager (Male) |
| 31:45 | Create | Villager (Male) |
| 31:45 | Create | Villager (Male) |
| 32:00 | Create | Fire Galley |
| 32:29 | Build | Farm |
| 32:31 | Build | Farm |
| 32:33 | Build | Farm |
| 32:34 | Build | Farm |
| 32:35 | Build | Farm |
| 32:37 | Build | Farm |
| 32:54 | Create | Villager (Male) |
| 32:54 | Create | Villager (Male) |
| 32:54 | Create | Villager (Male) |
| 32:55 | Create | Villager (Male) |
| 32:55 | Create | Villager (Male) |
| 33:14 | Research | Horse Collar |
| 33:52 | Build | Castle |
| 34:50 | Build | House |
| 34:52 | Build | House |
| 34:53 | Build | House |
| 34:55 | Build | House |
| 34:56 | Build | House |
| 34:57 | Build | House |
| 34:58 | Build | House |
| 35:01 | Build | House |
| 35:02 | Build | House |
| 35:03 | Build | House |
| 35:05 | Build | House |
| 35:06 | Build | House |
| 35:09 | Build | House |
| 35:10 | Build | House |
| 35:11 | Build | House |
| 35:13 | Build | House |
| 35:14 | Build | House |
Build order — CrinklyBanjo990
146 actions detected in the replay
| 0:56 | Create | Villager (Male) |
| 0:56 | Create | Villager (Male) |
| 0:56 | Create | Villager (Male) |
| 0:57 | Create | Villager (Male) |
| 1:45 | Build | House |
| 1:49 | Build | House |
| 1:54 | Build | House |
| 2:00 | Build | House |
| 3:30 | Create | Villager (Male) |
| 5:08 | Create | Villager (Male) |
| 6:20 | Build | Mining Camp |
| 6:42 | Build | Lumber Camp |
| 7:48 | Build | Mill |
| 8:41 | Build | Farm |
| 8:50 | Build | Farm |
| 8:59 | Research | Loom |
| 9:00 | Create | Villager (Male) |
| 9:00 | Create | Villager (Male) |
| 9:06 | Create | Villager (Male) |
| 10:20 | Build | Farm |
| 11:14 | Build | Farm |
| 11:22 | Build | Farm |
| 11:31 | Create | Villager (Male) |
| 11:31 | Create | Villager (Male) |
| 11:32 | Create | Villager (Male) |
| 13:11 | Create | Villager (Male) |
| 13:12 | Create | Villager (Male) |
| 13:12 | Create | Villager (Male) |
| 13:12 | Create | Villager (Male) |
| 14:13 | Build | Mining Camp |
| 14:29 | Create | Villager (Male) |
| 14:29 | Create | Villager (Male) |
| 14:29 | Create | Villager (Male) |
| 14:30 | Create | Villager (Male) |
| 15:56 | Build | Farm |
| 17:42 | Research | Feudal Age |
| 19:25 | Create | Villager (Male) |
| 19:25 | Create | Villager (Male) |
| 19:26 | Create | Villager (Male) |
| 19:26 | Create | Villager (Male) |
| 19:26 | Create | Villager (Male) |
| 20:32 | Build | House |
| 20:39 | Build | House |
| 20:44 | Build | House |
| 20:52 | Build | House |
| 21:37 | Build | Market |
| 22:11 | Build | Barracks |
| 22:45 | Build | Watch Tower |
| 24:22 | Build | Archery Range |
| 25:09 | Build | Watch Tower |
| 25:33 | Research | Wheelbarrow |
| 25:34 | Research | Town Watch |
| 27:00 | Research | Man-at-Arms (upgrade) |
| 27:03 | Research | Arson |
| 28:00 | Build | Stable |
| 28:37 | Build | Farm |
| 28:59 | Research | Double-Bit Axe |
| 29:41 | Research | Gold Mining |
| 30:15 | Build | Farm |
| 31:41 | Research | Castle Age |
| 31:56 | Research | Horse Collar |
| 32:13 | Create | Trade Cart |
| 34:27 | Create | Villager (Male) |
| 34:28 | Create | Villager (Male) |
| 34:29 | Create | Villager (Male) |
| 34:29 | Create | Villager (Male) |
| 34:30 | Create | Villager (Male) |
| 34:30 | Create | Villager (Male) |
| 34:37 | Research | Hand Cart |
| 36:20 | Build | Dock |
| 37:07 | Build | Farm |
| 37:47 | Build | Castle |
| 38:58 | Research | Light Cavalry (upgrade) |
| 39:00 | Research | Bloodlines |
| 39:01 | Research | Husbandry |
| 39:06 | Research | Crossbowman (upgrade) |
| 39:06 | Research | Elite Skirmisher (upgrade) |
| 39:14 | Research | Pikeman (upgrade) |
| 39:56 | Research | Stone Mining |
| 41:10 | Research | Tech 906 |
| 41:11 | Research | War Galley (upgrade) |
| 41:11 | Research | Tech 905 |
| 41:34 | Research | Gillnets |
| 41:54 | Research | Squires |
| 41:57 | Research | Long Swordsman (upgrade) |
| 42:32 | Create | Knight |
| 42:32 | Create | Knight |
| 42:32 | Create | Knight |
| 42:38 | Create | Cavalry Archer |
| 42:39 | Create | Cavalry Archer |
| 42:39 | Create | Cavalry Archer |
| 42:39 | Create | Cavalry Archer |
| 42:40 | Create | Cavalry Archer |
| 42:40 | Create | Cavalry Archer |
| 42:40 | Create | Cavalry Archer |
| 42:40 | Create | Cavalry Archer |
| 42:41 | Create | Cavalry Archer |
| 42:41 | Create | Cavalry Archer |
| 42:41 | Create | Cavalry Archer |
| 42:46 | Create | Militia |
| 42:46 | Create | Militia |
| 44:31 | Create | Archer |
| 44:31 | Create | Archer |
| 44:31 | Create | Archer |
| 44:31 | Create | Archer |
| 44:39 | Create | Militia |
| 44:39 | Create | Militia |
| 44:40 | Create | Militia |
| 45:19 | Create | Militia |
| 45:19 | Create | Militia |
| 45:20 | Create | Militia |
| 45:20 | Create | Militia |
| 45:20 | Create | Militia |
| 45:20 | Create | Militia |
| 45:21 | Create | Militia |
| 45:21 | Create | Militia |
| 45:21 | Create | Militia |
| 45:21 | Create | Militia |
| 45:22 | Create | Militia |
| 45:22 | Create | Militia |
| 45:22 | Create | Militia |
| 48:01 | Create | Militia |
| 48:01 | Create | Militia |
| 48:01 | Create | Militia |
| 48:02 | Create | Militia |
| 48:02 | Create | Militia |
| 48:02 | Create | Militia |
| 48:02 | Create | Militia |
| 48:03 | Create | Militia |
| 48:03 | Create | Militia |
| 49:21 | Build | Barracks |
| 50:32 | Build | Watch Tower |
| 51:15 | Create | Militia |
| 51:16 | Create | Militia |
| 51:16 | Create | Militia |
| 51:16 | Create | Militia |
| 51:17 | Create | Militia |
| 51:17 | Create | Militia |
| 51:17 | Create | Militia |
| 51:17 | Create | Militia |
| 51:18 | Create | Militia |
| 51:32 | Create | Militia |
| 51:33 | Create | Militia |
| 51:33 | Create | Militia |
| 51:33 | Create | Militia |
| 51:34 | Create | Militia |
Build order — WildSheet3748
First 150 of 237 actions detected
| 0:27 | Build | House |
| 0:28 | Build | House |
| 0:30 | Build | House |
| 0:33 | Create | Villager (Male) |
| 0:33 | Create | Villager (Male) |
| 0:33 | Create | Villager (Male) |
| 0:34 | Create | Villager (Male) |
| 0:34 | Create | Villager (Male) |
| 2:26 | Create | Villager (Male) |
| 2:26 | Create | Villager (Male) |
| 3:39 | Create | Villager (Male) |
| 3:39 | Create | Villager (Male) |
| 4:27 | Build | House |
| 4:50 | Create | Villager (Male) |
| 4:50 | Create | Villager (Male) |
| 4:53 | Create | Villager (Male) |
| 4:54 | Research | Loom |
| 5:54 | Build | Dock |
| 6:24 | Create | Villager (Male) |
| 6:25 | Create | Villager (Male) |
| 6:25 | Create | Villager (Male) |
| 6:26 | Create | Villager (Male) |
| 6:27 | Create | Villager (Male) |
| 6:27 | Create | Villager (Male) |
| 7:29 | Build | Lumber Camp |
| 8:03 | Build | House |
| 8:36 | Create | Fishing Ship |
| 10:11 | Create | Villager (Male) |
| 10:12 | Create | Villager (Male) |
| 10:12 | Create | Villager (Male) |
| 10:12 | Create | Villager (Male) |
| 10:13 | Create | Villager (Male) |
| 10:13 | Create | Villager (Male) |
| 10:34 | Build | Mill |
| 11:35 | Create | Fishing Ship |
| 11:35 | Create | Fishing Ship |
| 11:38 | Create | Fishing Ship |
| 12:04 | Research | Feudal Age |
| 12:15 | Research | Feudal Age |
| 12:22 | Create | Fishing Ship |
| 12:23 | Create | Fishing Ship |
| 12:42 | Build | Mining Camp |
| 13:18 | Build | House |
| 13:19 | Build | House |
| 13:41 | Create | Fishing Ship |
| 14:51 | Create | Trade Cog |
| 15:06 | Create | Villager (Male) |
| 15:06 | Create | Villager (Male) |
| 15:07 | Create | Villager (Male) |
| 15:07 | Create | Villager (Male) |
| 15:23 | Research | Wheelbarrow |
| 15:41 | Build | Mining Camp |
| 15:55 | Create | Trade Cog |
| 16:06 | Research | Gold Mining |
| 16:11 | Research | Double-Bit Axe |
| 16:36 | Build | Dock |
| 16:51 | Build | House |
| 16:52 | Build | House |
| 16:53 | Build | House |
| 16:54 | Build | House |
| 17:04 | Research | Town Watch |
| 17:11 | Research | Stone Mining |
| 17:27 | Create | Trade Cog |
| 17:39 | Create | Trade Cog |
| 18:29 | Create | Villager (Male) |
| 18:29 | Create | Villager (Male) |
| 18:40 | Create | Fishing Ship |
| 18:41 | Create | Fishing Ship |
| 18:52 | Create | Trade Cog |
| 19:26 | Create | Villager (Male) |
| 19:26 | Create | Villager (Male) |
| 19:48 | Build | Farm |
| 19:49 | Build | Farm |
| 19:51 | Build | Farm |
| 20:03 | Build | Farm |
| 20:25 | Build | House |
| 20:26 | Build | House |
| 20:28 | Build | House |
| 21:04 | Build | Dock |
| 21:45 | Create | Trade Cog |
| 21:47 | Create | Trade Cog |
| 22:27 | Create | Trade Cog |
| 22:28 | Create | Trade Cog |
| 22:47 | Create | Demolition Raft |
| 22:48 | Create | Demolition Raft |
| 22:49 | Create | Demolition Raft |
| 23:07 | Build | Watch Tower |
| 23:09 | Build | Watch Tower |
| 23:29 | Build | Blacksmith |
| 24:39 | Create | Fire Galley |
| 24:39 | Create | Fire Galley |
| 24:40 | Create | Fire Galley |
| 25:39 | Build | Watch Tower |
| 26:15 | Build | Market |
| 26:31 | Create | Villager (Male) |
| 26:32 | Create | Villager (Male) |
| 27:23 | Create | Fire Galley |
| 27:24 | Create | Fire Galley |
| 27:24 | Create | Fire Galley |
| 27:24 | Create | Fire Galley |
| 27:24 | Create | Fire Galley |
| 27:33 | Create | Fire Galley |
| 27:33 | Create | Fire Galley |
| 27:50 | Build | Farm |
| 27:52 | Build | Farm |
| 28:37 | Build | Barracks |
| 29:24 | Create | Spearman |
| 29:24 | Create | Spearman |
| 29:24 | Create | Spearman |
| 29:56 | Research | Castle Age |
| 30:36 | Build | Watch Tower |
| 31:23 | Build | Stable |
| 33:11 | Build | Castle |
| 33:19 | Research | Hand Cart |
| 33:20 | Create | Villager (Male) |
| 33:20 | Create | Villager (Male) |
| 33:20 | Create | Villager (Male) |
| 33:20 | Create | Villager (Male) |
| 33:21 | Create | Villager (Male) |
| 33:21 | Create | Villager (Male) |
| 34:22 | Create | Knight |
| 34:22 | Create | Knight |
| 34:23 | Create | Knight |
| 35:18 | Create | Petard |
| 36:34 | Build | Lumber Camp |
| 37:05 | Build | Archery Range |
| 37:07 | Build | Archery Range |
| 39:22 | Build | Town Center |
| 40:20 | Build | Castle |
| 41:23 | Build | Farm |
| 41:25 | Build | Farm |
| 41:27 | Build | Farm |
| 41:42 | Create | Transport Ship |
| 47:33 | Build | Market |
| 49:46 | Build | Town Center |
| 50:12 | Research | Bow Saw |
| 50:37 | Build | Farm |
| 50:39 | Build | Farm |
| 50:46 | Build | Farm |
| 50:48 | Build | Farm |
| 51:06 | Build | Dock |
| 52:12 | Create | Trade Cog |
| 53:14 | Create | Fishing Ship |
| 53:14 | Create | Fishing Ship |
| 53:39 | Build | House |
| 53:41 | Build | House |
| 53:42 | Build | House |
| 53:43 | Build | House |
| 53:44 | Build | House |
| 53:45 | Build | House |
Build order — Rosendoh
First 150 of 171 actions detected
| 0:27 | Create | Villager (Male) |
| 0:27 | Research | Loom |
| 0:56 | Build | House |
| 1:31 | Create | Villager (Male) ×3 |
| 1:38 | Build | House |
| 2:11 | Build | Mill |
| 3:20 | Create | Villager (Male) |
| 3:21 | Create | Villager (Male) |
| 4:09 | Create | Villager (Male) |
| 4:31 | Create | Villager (Male) |
| 5:28 | Create | Villager (Male) |
| 5:30 | Create | Villager (Male) |
| 6:20 | Build | Lumber Camp |
| 6:39 | Create | Villager (Male) |
| 6:45 | Build | House |
| 7:22 | Build | House |
| 7:33 | Create | Villager (Male) |
| 8:11 | Create | Villager (Male) |
| 8:11 | Create | Villager (Male) |
| 8:13 | Create | Villager (Male) |
| 8:13 | Create | Villager (Male) |
| 9:44 | Create | Villager (Male) |
| 9:46 | Create | Villager (Male) |
| 10:26 | Build | Lumber Camp |
| 10:42 | Research | Feudal Age |
| 11:43 | Build | Mining Camp |
| 12:52 | Age | Feudal Age |
| 13:18 | Build | Blacksmith |
| 13:49 | Build | Barracks |
| 14:41 | Create | Villager (Male) |
| 14:41 | Create | Villager (Male) |
| 15:13 | Build | Stable |
| 15:26 | Build | Farm |
| 15:42 | Build | Farm |
| 16:08 | Build | Farm |
| 16:33 | Build | Farm |
| 17:05 | Build | Farm |
| 17:12 | Build | Farm |
| 17:23 | Research | Castle Age |
| 18:03 | Build | Dock |
| 18:15 | Create | Villager (Male) |
| 18:28 | Research | Double-Bit Axe |
| 19:12 | Build | Farm |
| 19:28 | Build | Farm |
| 19:42 | Build | Dock |
| 20:03 | Build | Farm |
| 20:03 | Age | Castle Age |
| 20:10 | Research | Wheelbarrow |
| 21:13 | Build | Town Center |
| 22:52 | Create | Unit 2626 |
| 22:53 | Create | Unit 2626 |
| 22:56 | Create | Unit 2626 |
| 22:57 | Create | Unit 2626 |
| 23:05 | Create | Villager (Male) |
| 23:06 | Create | Villager (Male) |
| 23:19 | Create | Villager (Male) |
| 23:19 | Create | Villager (Male) |
| 23:25 | Research | Horse Collar |
| 24:01 | Build | Farm |
| 24:06 | Research | Hand Cart |
| 24:59 | Build | Lumber Camp |
| 25:24 | Build | Farm |
| 25:47 | Build | Farm |
| 25:58 | Create | Villager (Male) |
| 26:17 | Build | Farm |
| 26:46 | Create | Villager (Male) |
| 26:49 | Create | Villager (Male) |
| 27:35 | Build | Monastery |
| 27:41 | Create | Villager (Male) |
| 27:45 | Create | Villager (Male) |
| 27:50 | Build | Farm |
| 27:56 | Create | Villager (Male) |
| 28:19 | Build | Siege Workshop |
| 28:29 | Build | Farm |
| 28:54 | Build | Farm |
| 28:58 | Create | Villager (Male) |
| 29:26 | Research | Imperial Age |
| 32:21 | Build | Town Center |
| 32:27 | Create | Monk |
| 32:36 | Age | Imperial Age |
| 33:05 | Create | Villager (Male) |
| 33:27 | Build | House |
| 33:30 | Build | House |
| 34:31 | Create | Villager (Male) |
| 34:31 | Create | Villager (Male) |
| 34:38 | Research | Bow Saw |
| 34:43 | Research | Heavy Plow |
| 34:54 | Research | Gold Mining |
| 34:55 | Research | Stone Mining |
| 35:23 | Create | Unit 2626 |
| 35:23 | Create | Unit 2626 |
| 35:26 | Create | Unit 2626 |
| 35:26 | Create | Unit 2626 |
| 35:36 | Build | Farm |
| 35:43 | Build | Farm |
| 36:01 | Create | Villager (Male) |
| 36:01 | Create | Villager (Male) |
| 39:50 | Build | Castle |
| 40:12 | Build | House |
| 41:08 | Build | University |
| 41:30 | Create | Villager (Male) |
| 41:31 | Create | Villager (Male) |
| 41:36 | Create | Villager (Male) |
| 41:37 | Create | Villager (Male) |
| 43:36 | Research | Elite Cataphract (upgrade) |
| 43:49 | Research | Logistica |
| 43:59 | Research | Conscription |
| 44:35 | Build | Dock |
| 44:44 | Build | Dock |
| 45:01 | Create | Unit 2626 |
| 45:01 | Create | Unit 2626 |
| 45:04 | Create | Unit 2626 |
| 45:04 | Create | Unit 2626 |
| 45:45 | Research | Two-Man Saw |
| 45:51 | Research | Crop Rotation |
| 48:33 | Research | Husbandry |
| 48:42 | Create | Cataphract ×5 |
| 48:42 | Create | Cataphract ×5 |
| 48:43 | Create | Cataphract ×4 |
| 49:35 | Research | Chemistry |
| 49:50 | Research | Gold Shaft Mining |
| 50:08 | Research | Stone Shaft Mining |
| 50:32 | Research | Scale Barding Armor |
| 51:07 | Create | Cataphract |
| 51:08 | Create | Cataphract |
| 52:01 | Build | Castle |
| 52:38 | Research | War Galley (upgrade) |
| 53:22 | Research | Ballistics |
| 53:39 | Research | Galleon (upgrade) |
| 54:37 | Build | Dock |
| 54:56 | Build | Dock |
| 55:25 | Create | Trade Cog |
| 55:26 | Create | Trade Cog |
| 55:29 | Create | Trade Cog |
| 55:30 | Create | Trade Cog |
| 55:41 | Build | Castle |
| 55:52 | Create | Galley ×5 |
| 55:56 | Create | Galley ×5 |
| 56:00 | Create | Galley ×5 |
| 56:03 | Create | Galley ×5 |
| 57:00 | Create | Trade Cog ×5 |
| 57:04 | Create | Trade Cog ×5 |
| 57:27 | Research | Shipwright |
| 58:25 | Build | Dock |
| 58:38 | Build | Dock |
| 60:52 | Build | Farm |
| 60:53 | Build | Farm |
| 60:55 | Build | Farm |
| 62:40 | Create | Unit 1795 ×5 |
| 62:41 | Create | Unit 1795 ×4 |
Match timeline
| 2:37 | B L U E · first_building Dock |
| 5:54 | WildSheet3748 · first_building Dock |
| 7:34 | fco_0595 · first_building Dock |
| 11:38 | fco_0595 · age_up feudal |
| 12:18 | tavo_takano · age_up feudal |
| 12:52 | Rosendoh · age_up feudal |
| 13:39 | tavo_takano · first_building Dock |
| 13:49 | Rosendoh · first_building Barracks |
| 13:58 | B L U E · age_up feudal |
| 15:13 | Rosendoh · first_building Stable |
| 16:59 | fco_0595 · first_building Barracks |
| 17:07 | tavo_takano · first_building Barracks |
| 17:10 | B L U E · first_building Barracks |
| 18:03 | Rosendoh · first_building Dock |
| 18:11 | fco_0595 · first_building Stable |
| 18:12 | tavo_takano · first_building Archery Range |
| 18:18 | B L U E · first_building Stable |
| 20:03 | Rosendoh · age_up castle |
| 21:53 | B L U E · age_up castle |
| 22:11 | CrinklyBanjo990 · first_building Barracks |
| 22:40 | tavo_takano · age_up castle |
| 22:45 | fco_0595 · age_up castle |
| 24:22 | CrinklyBanjo990 · first_building Archery Range |
| 27:35 | Rosendoh · first_building Monastery |
| 28:00 | CrinklyBanjo990 · first_building Stable |
| 28:19 | Rosendoh · first_building Siege Workshop |
| 28:37 | WildSheet3748 · first_building Barracks |
| 29:41 | tavo_takano · first_building Castle |
| 31:05 | fco_0595 · first_building Castle |
| 31:23 | WildSheet3748 · first_building Stable |
| 32:36 | Rosendoh · age_up imperial |
| 33:11 | WildSheet3748 · first_building Castle |
| 33:52 | B L U E · first_building Castle |
| 36:20 | CrinklyBanjo990 · first_building Dock |
| 37:04 | B L U E · first_building Siege Workshop |
| 37:05 | WildSheet3748 · first_building Archery Range |
| 37:18 | fco_0595 · first_building Monastery |
| 37:47 | CrinklyBanjo990 · first_building Castle |
| 38:45 | fco_0595 · age_up imperial |
| 39:07 | WildSheet3748 · first_market_buy 100 stone |
| 39:50 | Rosendoh · first_building Castle |
| 43:01 | B L U E · first_building Archery Range |
| 44:50 | CrinklyBanjo990 · first_market_buy 100 food |
| 45:08 | CrinklyBanjo990 · first_market_sell 100 stone |
| 46:06 | B L U E · age_up imperial |
| 46:06 | B L U E · first_building Monastery |
| 46:49 | tavo_takano · age_up imperial |
| 48:12 | tavo_takano · first_building Siege Workshop |
| 64:34 | CrinklyBanjo990 · resign |
| 71:47 | WildSheet3748 · tribute_sent a jugador 1 |
| 71:47 | WildSheet3748 · tribute_sent a jugador 2 |
| 71:47 | WildSheet3748 · tribute_sent a jugador 3 |
| 71:47 | WildSheet3748 · tribute_sent a jugador 5 |
| 71:47 | WildSheet3748 · tribute_sent a jugador 6 |
| 72:59 | WildSheet3748 · tribute_sent a jugador 1 |
| 72:59 | WildSheet3748 · tribute_sent a jugador 2 |
| 72:59 | WildSheet3748 · tribute_sent a jugador 3 |
| 72:59 | WildSheet3748 · tribute_sent a jugador 5 |
| 72:59 | WildSheet3748 · tribute_sent a jugador 6 |
| 74:08 | WildSheet3748 · tribute_sent a jugador 1 |
| 74:08 | WildSheet3748 · tribute_sent a jugador 2 |
| 74:08 | WildSheet3748 · tribute_sent a jugador 3 |
| 74:08 | WildSheet3748 · tribute_sent a jugador 5 |
| 74:08 | WildSheet3748 · tribute_sent a jugador 6 |
[ AI ANALYSIS · 1 CREDIT ]
What really happened in this match?
Wolo.gg analyzes every decision: build order, eco, micro, common mistakes by bracket. Personalized analysis on WhatsApp or Discord in 30 seconds.
Civ guide
Dravidians
Map guide
Islands
Perfil
Jugador #24370379